 Dungeon Crawl Stone Soup version 0.23.2 (webtiles) character file.

Game seed: 1897211861071437530

385 Kairos the Insei (level 6, -2/39 HPs)
             Began as an Octopode Transmuter on Apr 8, 2019.
             Slain by an orc
             ... wielding a +0 hand axe
              (6 damage)
             ... on level 3 of the Dungeon.
             The game lasted 00:08:09 (4047 turns).

Kairos the Insei (Octopode Transmuter)              Turns: 4047, Time: 00:08:10

Health: -2/39      AC:  1    Str: 14    XL:     6   Next: 77%
Magic:  10/11      EV: 14    Int: 18    God:
Gold:   206        SH:  0    Dex: 12    Spells: 8/11 levels left

rFire    + . .     SeeInvis .   i - +2 dagger (holy)
rCold    x . .     Gourm    .   (no shield)
rNeg     . . .     Faith    .   (helmet restricted)
rPois    .         Spirit   .   (no amulet)
rElec    .         Reflect  .   u - ring of fire
rCorr    .         Harm     .   y - +2 ring of slaying
MR       .....                  (no ring)
Stlth    +++.......             (no ring)
HPRegen  0.13/turn              (no ring)
MPRegen  0.12/turn              (no ring)
                                (no ring)
                                (no ring)

@: mighty, appendage
A: almost no armour, stealthy swim, amphibious, 8 rings, constrict 8, tentacle
spike 3, camouflage 1, gelatinous body 1
a: End Transformation


You were on level 3 of the Dungeon.
You were near starving.
One of your tentacles had a temporary spike.
You visited 1 branch of the dungeon, and saw 4 of its levels.

You collected 206 gold pieces.

Inventory:

Hand Weapons
 d - a +2 hunting sling of freezing
 i - a +2 dagger of holy wrath (weapon)
 r - a +0 blowgun
Missiles
 a - 51 arrows
 e - 84 stones (quivered)
 s - 31 poisoned needles
Jewellery
 u - a ring of fire (left tentacle)
 y - a +2 ring of slaying (right tentacle)
Scrolls
 b - a scroll of amnesia
 g - 2 scrolls of immolation
 j - 2 scrolls of identify {unknown}
 k - 3 scrolls of remove curse {unknown}
 p - a scroll of enchant armour {unknown}
 v - a scroll of fog {unknown}
 w - a scroll of teleportation {unknown}
 x - a scroll of noise {unknown}
Potions
 h - 2 potions of flight
 l - a potion of experience {unknown}
 m - a potion of resistance {unknown}
 n - a potion of might
 o - a potion of brilliance {unknown}
 q - a potion of lignification {unknown}
 t - a potion of haste {unknown}
Comestibles
 c - 4 rations
 f - a chunk of flesh


   Skills:
 + Level 1.7 Fighting
 + Level 0.2 Short Blades
 + Level 0.6 Slings
 + Level 3.1 Dodging
 + Level 2.3 Stealth
 + Level 5.1 Unarmed Combat
 + Level 3.3 Spellcasting
 + Level 2.8 Transmutations


You had 8 spell levels left.
You knew the following spells:

 Your Spells              Type           Power        Failure   Level  Hunger
a - Beastly Appendage     Tmut           ##....       4%          1    None
b - Sticks to Snakes      Tmut           ##......     8%          2    ##.....

Your spell library contained the following spells:

 Spells                   Type           Power        Failure   Level  Hunger
 Spider Form              Tmut/Pois      #.........   26%         3    ###....
 Ice Form                 Ice/Tmut       #.......     65%         4    ####...
 Blade Hands              Tmut           ##........   80%         5    ######.


Dungeon Overview and Level Annotations

Branches:
Dungeon (4/15)             Temple (0/1) D:4

Altars:
Sif Muna
Trog
Uskayaw
The Shining One


Innate Abilities, Weirdness & Mutations

You cannot wear most types of armour.
You are very stealthy in the water. (Stealth+)
You are amphibious.
You can wear up to eight rings at the same time.
You can use your tentacles to constrict eight enemies at once.
Your skin changes colour to match your surroundings (Stealth+).
Your rubbery body absorbs attacks. (AC +1, EV +1)
One of your tentacles bears a large vicious spike.


Message History

You feel sick.
The orc shouts!
You open the door.
A mummy comes into view.
Your transformation is almost over.
An ogre comes into view. It is wielding a +0 giant spiked club.
You feel sick.
You are no longer poisoned.
Things that are here:
a +0 dagger; a cursed +0 robe; an orc corpse Your tentacle spike disappears.
There is a stone staircase leading up here.
The orc barely misses you.
You climb upwards.
There is a stone staircase leading down here.
Casting: Beastly Appendage (safe; 4% risk of failure)
Confirm with . or Enter, or press ? or * to list all spells.
One of your tentacles grows a vicious spike.
The orc hits you with a +0 hand axe.
You die...

.......##.#..# #.# #.#
.########.#..# #.# #.# .#
#.......# #.# ######.# .#
#.##.#.## #.# #...##.# .#
#.##.#.# ##.#####......#
.#####.##...# #............###
.......###..# #..######.##....
..########..######..## #.##.###
.....#.......>.o@....#####.##.#
.###.#.#.#..######.#.##.......#
.# #.#.#.#..# #.#.##.##.##.# ##
#.#.#.#..# #............#
#.#.#.#..# ##......#.######
###.#.#.#..######...............
#.........................######
##.....##...#.####.....#.#.# #
..........#.#.# ##...##.#.# #


You could see an orc.

Vanquished Creatures
  Menkaure (D:4)
  A bullfrog zombie (D:4)
  An orc wizard (D:4)
  A worker ant (D:2)
  A hound skeleton (D:4)
  Robin (D:3)
  5 adders
  A shadow imp (D:4)
  An adder skeleton (D:4)
  2 worms
  A dart slug (D:2)
  6 leopard geckos
  5 bats
  4 giant cockroaches (D:3)
  16 goblins
  4 hobgoblins
  10 jackals
  A quokka (D:3)
  2 ball pythons (D:3)
  7 frilled lizards
  A goblin zombie (D:4)
  4 kobolds
  10 rats
86 creatures vanquished.

Vanquished Creatures (others)
  A goblin zombie (D:4)
1 creature vanquished.

Grand Total: 87 creatures vanquished

Notes
Turn   | Place    | Note
-------+----------+-------------------------------------------
     0 | D:1      | Kairos the Octopode Transmuter began the quest for the Orb.
     0 | D:1      | Reached XP level 1. HP: 13/13 MP: 3/3
   250 | D:1      | Reached XP level 2. HP: 11/18 MP: 5/5
   668 | D:1      | Reached XP level 3. HP: 17/23 MP: 6/6
  1577 | D:2      | Reached skill level 4 in Unarmed Combat
  1577 | D:2      | Reached XP level 4. HP: 22/28 MP: 7/7
  1990 | D:3      | Found a glowing golden altar of the Shining One.
  2338 | D:3      | Reached skill level 1 in Stealth
  2690 | D:3      | Reached XP level 5. HP: 22/33 MP: 9/9
  2708 | D:3      | Found a bloodstained altar of Trog.
  2739 | D:3      | Found a deep blue altar of Sif Muna.
  2908 | D:3      | Noticed Robin
  2917 | D:3      | Killed Robin
  3075 | D:3      | Found a hide-covered altar of Uskayaw.
  3817 | D:4      | Learned a level 2 spell: Sticks to Snakes
  3823 | D:4      | Noticed Menkaure
  3840 | D:4      | Killed Menkaure
  3840 | D:4      | Reached skill level 5 in Unarmed Combat
  3840 | D:4      | Reached XP level 6. HP: 13/39 MP: 8/10
  4047 | D:3      | Slain by an orc

Skill      XL: |  1  2  3  4  5 |
---------------+----------------+-----
Unarmed Combat | 4 5 |  5.1
Stealth        | 1 2 |  2.3
Spellcasting   | 3 |  3.3
Dodging        | 3 |  3.1
Fighting       | |  1.7
Short Blades   | |  0.2
Slings         | |  0.6
Transmutations | |  2.8

Action                   |  1- 3 |  4- 6 || total
-------------------------+-------+-------++-------
Melee: Unarmed           |    90 |   112 ||   202
       Constrict         |    27 |    32 ||    59
       Tentacles         |    12 |    22 ||    34
       Punch             |     4 |     3 ||     7
       Kick              |       |    15 ||    15
       Dagger            |       |    18 ||    18
 Fire: Hunting sling     |     4 |       ||     4
 Cast: Beastly Appendage |       |    16 ||    16
  Use: Potion            |     2 |     1 ||     3
       Scroll            |     1 |     2 ||     3
 Stab: Sleeping          |     1 |     1 ||     2
  Eat: Chunk             |     1 |     7 ||     8
Armor: Skin              |     8 |    11 ||    19
Dodge: Dodged            |    60 |    92 ||   152
